 Dungeon Crawl Stone Soup version 0.28-a0-724-g66f9036eb4 (webtiles) character file.

Game seed: 4335803460379119731

0 meatgazer the Skirmisher (level 1, -2/18 HPs)
             Began as a Demonspawn Abyssal Knight on Oct 26, 2021.
             Was a Follower of Lugonu.
             Slain by an ancient zyme (15 damage)
             ... on level 1 of the Abyss.
             The game lasted 00:00:11 (59 turns).

meatgazer the Skirmisher (Demonspawn Abyssal Knight)  Turns: 59, Time: 00:00:12

Health: -2/18      AC:  3    Str: 13    XL:     1   Next: 0%
Magic:  2/2        EV: 11    Int: 11    God:    Lugonu [*.....]
Gold:   0          SH:  0    Dex: 13    Spells: 0/0 levels left

rFire   . . .      SeeInvis .   a - +1 falchion
rCold   . . .      Faith    .   (no shield)
rNeg    . . .      Spirit   .   b - +0 leather armour
rPois   .          Reflect  .   (no helmet)
rElec   .          Harm     .   (no cloak)
rCorr   .          Rampage  .   (no gloves)
Will    .....                   (no boots)
Stlth   +.........              (no amulet)
HPRegen 0.00/turn               (no ring)
MPRegen 0.08/turn               (no ring)

@: sick
A: no striking features
a: Renounce Religion, Depart the Abyss


You were on level 1 of the Abyss.
You worshipped Lugonu.
Lugonu was aware of your devotion.
You visited 0 branches of the dungeon, and saw 0 of its levels.
You visited the Abyss 1 time.

Inventory:

Hand Weapons
 a - a +1 falchion (weapon)
Armour
 b - a +0 leather armour (worn)


   Skills:
 + Level 3.0 Fighting
 + Level 1.7 Long Blades
 + Level 1.7 Armour
 + Level 0.8 Dodging
 + Level 2.4 Invocations


You couldn't memorise any spells.
You didn't know any spells.
Your spell library was empty.

Dungeon Overview and Level Annotations

Branches:
Dungeon (0/15)

Altars:


Message History

Welcome, meatgazer the Demonspawn Abyssal Knight.
Everyone else who sought the Orb of Zot has failed.
Will you be different?
Lugonu says: Depart the Abyss and spread corruption, my servant! (use the ability menu to exit the Abyss) Press ? for a list of commands and other information.
Found a corrupted altar of Lugonu.
A tentacled starspawn materialises.
Tentacles burst from the starspawn's body! 2 starspawn tentacles come into view.
The starspawn tentacle grabs you. The starspawn tentacle constricts you.
You escape the starspawn tentacle's grasp.
Found a bubbling cyan potion.
c - a bubbling cyan potion An ancient zyme comes into view.
You feel yourself growing ill in the presence of the ancient zyme.
It was a potion of heal wounds.
You feel much better.
A worldbinder comes into view.
The ancient zyme barely misses you. The ancient zyme closely misses you.
You barely miss the ancient zyme.
The worldbinder calls forth creatures from the Spider Nest!
The ancient zyme hits you but does no damage.
The ancient zyme closely misses you.
You feel ill.
You hit the ancient zyme.
The ancient zyme is lightly damaged.
The ancient zyme barely misses you. The ancient zyme hits you.
The tentacled starspawn closely misses you. x2
The ancient zyme hits you!
Ouch! That really hurt!
You die...

.#...#
#..#..#...# .
..#. .#..#.....##
..
#...#..#.......
##..##.#..#.#...
#
#..#.##..###....#
#.. ... ...##.
#....## ... .....
..##..#..#.# ..
..# # #
##..##...#.#
..#.#
#.X...#.#X@..# ..
. .#.##.x#...#
.### #..#
.###.......#
...#.##..
.###.x.#.#
#..#.####.#. ...#
# # #.. ##. #s#.#
## .# .s## . #..


You could see a tentacled starspawn, a wolf spider (summoned), an ancient zyme,
a worldbinder and a tarantella (summoned).

Vanquished Creatures (others)
  2 starspawn tentacles (Abyss:1)
2 creatures vanquished.

Notes
Turn   | Place    | Note
-------+----------+-------------------------------------------
     0 | Abyss:1  | meatgazer the Demonspawn Abyssal Knight began the quest for
                  | the Orb.
     0 | Abyss:1  | Reached XP level 1. HP: 18/18 MP: 2/2
     5 | Abyss:1  | Found a corrupted altar of Lugonu.
    32 | Abyss:1  | Noticed a tentacled starspawn
    54 | Abyss:1  | Noticed an ancient zyme
    57 | Abyss:1  | Noticed a worldbinder
    59 | Abyss:1  | Noticed a tarantella
    59 | Abyss:1  | Noticed a wolf spider
    59 | Abyss:1  | Slain by an ancient zyme

Illustrated notes

Levels and vault maps discovered:
Abyss:1:  base: Temple, base:
Temple

Action                   || total
-------------------------++-------
Melee: Falchion          ||     2
  Use: Potion            ||     1
Armor: Leather armour    ||     1
Dodge: Dodged            ||     6

Table legend: (Time is in decaauts)
 A = Elapsed time spent in this place.
 B = Non-inter-level travel time spent in this place.
 C = Inter-level travel time spent in this place.
 D = Time resting spent in this place.
 E = Time spent auto-exploring this place.
 F = Levels seen in this place.
 G = Mean time per level.
                   A        B        C        D        E       F      G
               +--------+--------+--------+--------+--------+-----+--------+
         Total |     59 |     59 |      0 |      0 |     32 |   1 |   59.0 |
         Abyss |     59 |     59 |      0 |      0 |     32 |   1 |   59.0 |
               +--------+--------+--------+--------+--------+-----+--------+

Top non-repeatable levels by time:
 Abyss:1: 59 daAuts
